 Dungeon Crawl Stone Soup version 0.31-a0-246-g8cbcc1cb85 (webtiles) character file.

Game seed: 13828206052137894092

56 qw the Shooter (level 3, 0/21 HPs)
             Began as a Gargoyle Hexslinger on July 12, 2023.
             Splashed by a jelly's acid (8 damage)
             ... on level 3 of the Dungeon.
             The game lasted 00:00:29 (1566 turns).

qw the Shooter (Gargoyle Hexslinger)                Turns: 1566, Time: 00:00:30

Health: 0/21       AC:  0    Str: 11    XL:     3   Next: 97%
Magic:  4/4        EV: 11    Int: 13    God:
Gold:   39         SH:  0    Dex: 14    Spells: 3/4 levels left

rFire   . . .        Y - +2 sling
rCold   . . .        (no shield)
rNeg    + . .        f - +0 leather armour
rPois   inf          g - +2 hat
rElec   +            (no cloak)
rCorr   .            (no gloves)
SInv    .            (no boots)
Will    .....        (no amulet)
Stlth   +            (no ring)
HPRegen 0.23/turn    (no ring)
MPRegen 0.09/turn

%: no passive effects
@: corroded
A: sickness immunity, AC +3, negative energy resistance 1, electricity
resistance, torment resistance 1, petrification resistance
a: no special abilities


You were on level 3 of the Dungeon.
You visited 1 branch of the dungeon, and saw 3 of its levels.

You collected 39 gold pieces.


Innate Abilities, Weirdness & Mutations

You are immune to sickness and miasma.
Your stone body is resilient. (AC +3)
You are immune to poison.
You resist negative energy. (rN+)
You are resistant to electric shocks. (rElec)
You are resistant to unholy torment.
You are immune to petrification.


   Skills:
 - Level 2.1 Fighting
 + Level 3.7 Ranged Weapons
 - Level 1.5 Dodging
 - Level 1.0 Spellcasting
 - Level 2.6 Hexes


You had 3 spell levels left.
You knew the following spells:

 Your Spells              Type           Power      Damage    Failure   Level
a - Slow                  Hex            28%        N/A       12%         1

Your spell library contained the following spells:

 Spells                   Type           Power      Damage    Failure   Level
 Inner Flame              Hex/Fire       4%         N/A       54%         3
 Portal Projectile        Hex/Tloc       8%         N/A       54%         3
 Cause Fear               Hex            3%         N/A       77%         4

Inventory:

Hand Weapons
 Y - a +2 sling (weapon)
Armour
 f - a +0 leather armour (worn)
 g - a +2 hat (worn)
Scrolls
 c - a scroll of identify
Potions
 a - a potion of ambrosia {unknown}
 b - a potion of heal wounds
 d - 2 potions of attraction {unknown}
 e - 2 potions of might {unknown}
 i - a potion of invisibility {unknown}

Dungeon Overview and Level Annotations

Branches:
Dungeon (3/15)

Altars:


Message History

You shoot a sling bullet.
The sling bullet closely misses the orc.
The orc hits you with a +2 flail of venom.
You shoot a sling bullet. The sling bullet hits the orc.
You kill the orc!
You start resting.
HP restored.
Items here: % ( ) [.
A kobold comes into view. It is wielding a +0 dagger.
The kobold shouts!
Enter note: You shoot a sling bullet.
The sling bullet hits the kobold.
You kill the kobold!
You see here a +0 dagger.
A jelly comes into view.
Enter note: You shoot a sling bullet.
The jelly quivers.
The sling bullet hits the jelly.
The jelly is lightly wounded.
You shoot a sling bullet.
The sling bullet barely misses the jelly.
Enter note: You shoot a sling bullet.
The sling bullet hits the jelly.
The jelly is moderately wounded.
You shoot a sling bullet. The sling bullet hits the jelly.
The jelly is heavily wounded.
You shoot a sling bullet. The sling bullet hits the jelly.
The jelly is severely wounded.
The jelly barely misses you. The jelly hits you. The acid corrodes you!
You are splashed with acid!
You shoot a sling bullet.
The sling bullet hits the jelly but does no damage.
The jelly is severely wounded.
The jelly barely misses you.
You shoot a sling bullet.
The sling bullet hits the jelly but does no damage.
The jelly is severely wounded.
The jelly hits you. The acid corrodes you!
You are splashed with acid!
You die...

.###.###.#.#
#.#.#.#.#..#
#.#.#.#.#..#
##.###.###.#
###.#####.#
##........%########
..................
...........#####.#
####...###.#####@#
##>.###......J#
###.....#######.#
......##)#######.#
.........#.#.#...#
.....#....#.#)...#
####....8.#8#.8..#
####...#.#...##
#.###.#.###.#


You could see a jelly.

Vanquished Creatures
  An adder (D:2)
  2 worms (D:2)
  2 orcs (D:3)
  A ball python (D:1)
  6 endoplasms
  2 giant cockroaches
  4 goblins
  A hobgoblin (D:1)
  7 kobolds
  A quokka (D:1)
  3 bats
  2 frilled lizards
  4 rats
36 creatures vanquished.

Notes
Turn   | Place    | Note
-------+----------+-------------------------------------------
     0 | D:1      | qw the Gargoyle Hexslinger began the quest for the Orb.
     0 | D:1      | Reached XP level 1. HP: 12/12 MP: 2/2
     0 | D:1      | 0 ||| qw: Version: 0.3-a-52-g30416fa
     0 | D:1      | 0 ||| qw: Game counter: 6494
     0 | D:1      | 0 ||| qw: Melee chars always use a shield: true
     0 | D:1      | 0 ||| qw: God list: Okawaru
     0 | D:1      | 0 ||| qw: Allow faded altars: false
     0 | D:1      | 0 ||| qw: Do Orc after clearing Dungeon:15 true
     0 | D:1      | 0 ||| qw: Do second Lair branch before Depths: true
     0 | D:1      | 0 ||| qw: Lair rune preference: random
     0 | D:1      | 0 ||| qw: Goals: Normal
     0 | D:1      | 0 ||| PLANNING D:1-11
   164 | D:1      | Reached XP level 2. HP: 13/16 MP: 3/3
   309 | D:1      | Reached skill level 3 in Ranged Weapons
   389 | D:1      | Found a faded altar of an unknown god.
   707 | D:1      | 707 ||| UPGRADING to +0 leather armour.
   717 | D:1      | 717 ||| DROPPING +0 robe.
   718 | D:1      | 718 ||| UPGRADING to +2 hat.
   723 | D:1      | 723 ||| READING scroll labelled QUYTUOLOWI.
   724 | D:1      | 724 ||| READING scroll labelled BIPLOT XUAPTAU.
   725 | D:1      | 725 ||| READING scroll labelled CIDGHARR TAGOW.
   726 | D:1      | 726 ||| DROPPING scroll of poison.
   778 | D:2      | 778 ||| FLEEEEING.
   779 | D:2      | 779 ||| FLEEEEING.
   838 | D:2      | Reached XP level 3. HP: 15/21 MP: 4/4
  1375 | D:2      | 1375 ||| READING scroll labelled VEDURY YXOUH.
  1376 | D:2      | 1376 ||| READING scroll labelled MYCICR FOOBOEV.
  1377 | D:2      | 1377 ||| DRINKING 2 clear potions.
  1566 | D:3      | Splashed by a jelly's acid

Levels and vault maps discovered:
D:1:      amcnicky_arrival_flooded_fountain, layout_loops_cross,
          chequers_ecumenical_altar_island, kennysheep_pointless_box
D:2:      layout_loops_ring
D:3:      layout_basic, mainiacjoe_overflow_alcove_4,
          nicolae_wu_jian_wuxing_cycle, gammafunk_temple_overflow_elements,
          grunt_decor_resistance, nicolae_twisty_statue_hallways

Skill      XL: |  1  2 |
---------------+-------+-----
Ranged Weapons | 3 |  3.7
Fighting       | 2 |  2.1
Dodging        | |  1.5
Spellcasting   | |  1.0
Hexes          | |  2.6

Action                     || total
---------------------------++-------
   Fire: Sling             ||    97
    Use: Scroll            ||     5
         Potion            ||     1
 Armour: Robe              ||     9
         Leather armour    ||     2
  Dodge: Dodged            ||    19

Table legend:
 A = Non-vault XP
 B = Vault XP
 C = Vault XP percentage of total XP
 D = Non-vault monster count
 E = Vault monster count
 F = Vault count percentage of total count
                 A         B        C        D         E       F
            +---------+---------+-------+---------+---------+-------
      Total |      81 |       0 |   0.0 |      36 |       0 |   0.0
            +---------+---------+-------+---------+---------+-------
        D:1 |      30 |       0 |   0.0 |      17 |       0 |   0.0
        D:2 |      39 |       0 |   0.0 |      13 |       0 |   0.0
        D:3 |      12 |       0 |   0.0 |       6 |       0 |   0.0
            +---------+---------+-------+---------+---------+-------
